 Dungeon Crawl Stone Soup version 0.17.1-3-g152610e (webtiles) character file.

967 Gargoyl the Covered (level 7, -1/55 HPs)
             Began as a Demonspawn Abyssal Knight on Apr 23, 2016.
             Was a Priest of Lugonu.
             Slain by a jelly (2 damage)
             ... on level 5 of the Dungeon on Apr 25, 2016.
             The game lasted 00:12:48 (7421 turns).

Gargoyl the Covered (Demonspawn Abyssal Knight)     Turns: 7421, Time: 00:12:48

Health: -1/55      AC: -2    Str: 14    XL:     7   Next: 93%
Magic:  5/9        EV:  7    Int: 14    God:    Lugonu [***...]
Gold:   363        SH:  0    Dex: 12    Spells: 0 memorised, 6 levels left

rFire  . . .     SeeInvis .     a - +1 hand axe
rCold  . . .     Clarity  .     j - +0 chain mail
rNeg   . . .     SustAt   +     (no shield)
rPois  .         Gourm    .     (helmet restricted)
rElec  .         Spirit   .     (no cloak)
rCorr  .         Warding  .     (no gloves)
rMut   .         Stasis   .     q - +2 pair of boots
MR     .....                    (no amulet)
Stlth  ..........               (no ring)
                                n - ring of sustain attributes

@: corroded equipment, not resistant to hostile enchantments, extremely
unstealthy
A: antennae 1, claws 2, hooves 1
a: Depart the Abyss, Bend Space, Banish, Renounce Religion


You were on level 5 of the Dungeon.
You worshipped Lugonu.
Lugonu was most pleased with you.
You were not hungry.

You visited 1 branch of the dungeon, and saw 6 of its levels.
You visited the Abyss 1 time.
You also visited: Sewer.

You collected 363 gold pieces.

Inventory:

Hand Weapons
 a - a +1 hand axe (weapon)
 A - a +1 dire flail
Missiles
 w - 5 tomahawks (quivered)
Armour
 j - a +0 chain mail (worn)
 q - a +2 pair of boots (worn)
Jewellery
 n - a ring of sustain attributes (left claw)
Wands
 b - a wand of disintegration (16)
 d - a wand of digging (19)
 z - a wand of draining (4)
Scrolls
 h - 3 scrolls of remove curse
Potions
 c - 2 potions of brilliance {unknown}
 e - a potion of poison
 f - 3 potions of degeneration {unknown}
 g - 3 potions of curing
 i - 2 potions of flight {unknown}
 t - 4 potions of mutation {unknown}
 v - a potion of agility {unknown}
Books
 s - a book of Party Tricks

   Spells                             Type                      Level
   a - Summon Butterflies             Summoning                    1
   b - Apportation                    Translocation                1
   c - Tukima's Dance                 Hexes                        3
   d - Alistair's Intoxication        Transmutation/Poison         4
   e - Invisibility                   Hexes                        6
Comestibles
 o - a meat ration
 u - 4 bread rations


   Skills:
 + Level 4.6 Fighting
 + Level 3.8 Axes
 * Level 6.3 Armour
 + Level 2.8 Dodging
 + Level 3.0 Invocations


You had 6 spell levels left.
You didn't know any spells.

Dungeon Overview and Level Annotations

Branches:
Dungeon (6/15)             Temple (0/1) D:4

Altars:
Ashenzari
Cheibriados
Elyvilon
Okawaru
Qazlal
Ru
Sif Muna
Trog
Xom
The Shining One

Annotations:
Abyss:1 Grinder


Innate Abilities, Weirdness & Mutations

You have a pair of small antennae on your head.
You have very sharp fingernails.
You have large cloven feet.


Message History

The jelly hits you.
You are splashed with acid!
The acid burns!
You hit the jelly.
Your claws burn!
* * * LOW HITPOINT WARNING * * *
The jelly is severely wounded.
The jelly hits you.
* * * LOW HITPOINT WARNING * * *
You are splashed with acid!
The acid corrodes you!
The acid burns!
* * * LOW HITPOINT WARNING * * *
Drink which item? (? for menu, Esc to quit)
You feel better. The jelly hits you.
* * * LOW HITPOINT WARNING * * *
You are splashed with acid!
The acid burns!
* * * LOW HITPOINT WARNING * * *
Unknown command.
Press: ? - help, Shift-Dir - straight line, f - jelly
Aim: a jelly (severely wounded, chance to defeat MR: 75%)
The jelly struggles to resist.
You feel somewhat more hungry.
You can no longer corrupt the fabric of space.
The jelly hits you.
You die...

#.............###..#
# #.....#......##
##.# #
#.....######## #.# #
#.....# #.### #
#.....# #...# #
##.##.# #...###
###>##.#### ##.....
#.......J.# ##.##.
#.......@.# #.##.
#.........# #.##.
#.........######
#..#.
#..............##
###.#.
##############..#
#...). ##.#########
#.#.###_#.#
#.8.#.#.#.#
#..........


You could see a jelly.

Vanquished Creatures
  An ice beast (D:5)
  An ogre (D:5)
  A big kobold (Sewer)
  A scorpion (D:5)
  A water moccasin skeleton (D:4)
  A crimson imp (D:6)
  2 hounds
  An orc wizard (D:4)
  Terence (D:3)
  2 worker ants
  2 iguanas
  6 gnolls
  2 river rats (Sewer)
  4 adders
  An ooze (D:3)
  An adder skeleton (D:4)
  An adder zombie (D:6)
  6 worms
  4 giant geckos
  14 orcs
  11 bats
  10 goblins
  12 hobgoblins
  10 jackals
  2 quokkas
  2 ball pythons
  12 giant cockroaches
  4 giant newts
  A jackal skeleton (D:4)
  13 kobolds
  A quokka skeleton (D:4)
  6 rats
137 creatures vanquished.

Notes
Turn   | Place    | Note
--------------------------------------------------------------
     0 | Abyss:1  | Gargoyl the Demonspawn Abyssal Knight began the quest for the Orb.
     0 | Abyss:1  | Reached XP level 1. HP: 18/18 MP: 2/2
    42 | Abyss:2  | Found a corrupted altar of Lugonu.
    52 | Abyss:2  | Found a corrupted altar of Lugonu.
    73 | Abyss:2  | Noticed a thrashing horror
    73 | D:1      | Escaped the Abyss
   155 | D:1      | Reached * piety under Lugonu
   310 | D:1      | Gained mutation: You have sharp fingernails. [demonic ancestry]
   310 | D:1      | Reached XP level 2. HP: 21/24 MP: 3/3
  1484 | D:2      | Reached skill level 1 in Dodging
  1489 | D:2      | Reached XP level 3. HP: 16/29 MP: 5/5
  1815 | D:2      | Reached ** piety under Lugonu
  2224 | D:2      | Gained mutation: You have a pair of small antennae on your head. [demonic ancestry]
  2224 | D:2      | Reached XP level 4. HP: 16/35 MP: 6/6
  2815 | D:2      | Found a faded altar to an unknown god.
  3138 | D:3      | Noticed Terence
  3157 | D:3      | Killed Terence
  3157 | D:3      | Gained mutation: You have large cloven feet. [demonic ancestry]
  3157 | D:3      | Reached XP level 5. HP: 25/41 MP: 7/7
  3545 | D:3      | Reached *** piety under Lugonu
  3670 | D:3      | Found a glowing drain.
  3674 | Sewer    | Entered a sewer
  3846 | Sewer    | Reached skill level 4 in Armour
  3846 | Sewer    | Gained mutation: You have very sharp fingernails. [demonic ancestry]
  3846 | Sewer    | Reached XP level 6. HP: 36/48 MP: 8/8
  3937 | Sewer    | Found a glowing silver altar of Zin.
  4067 | D:3      | Found a bloodstained altar of Trog.
  4735 | D:4      | Found a snail-covered altar of Cheibriados.
  4965 | D:4      | Found a staircase to the Ecumenical Temple.
  5129 | D:4      | Reached skill level 5 in Armour
  5133 | D:4      | Found a glowing golden altar of the Shining One.
  5168 | D:4      | Reached **** piety under Lugonu
  5498 | D:5      | Entered Level 5 of the Dungeon
  5498 | D:5      | Found a shattered altar of Ashenzari.
  5571 | D:5      | Reached XP level 7. HP: 30/54 MP: 9/9
  5717 | D:5      | Found a shimmering altar of Xom.
  5718 | D:5      | Found a shimmering altar of Xom.
  5718 | D:5      | Found a shimmering altar of Xom.
  5719 | D:5      | Found a shimmering altar of Xom.
  5720 | D:5      | Found a shimmering altar of Xom.
  5720 | D:5      | Found a shimmering altar of Xom.
  5739 | D:5      | Noticed Grinder
  5739 | D:5      | Paralysed by Grinder for 2 turns
  5745 | D:5      | Paralysed by Grinder for 2 turns
  5747 | D:5      | Banished Grinder
  6066 | D:5      | Found a white marble altar of Elyvilon.
  6067 | D:5      | Found a sacrificial altar of Ru.
  6127 | D:5      | Found a stormy altar of Qazlal.
  6377 | D:5      | Found an iron altar of Okawaru.
  6497 | D:5      | Found a deep blue altar of Sif Muna.
  6540 | D:5      | Reached skill level 6 in Armour
  7420 | D:5      | HP: 1/55 [acid (10)]
  7421 | D:5      | Slain by a jelly

Action                   |  1- 3 |  4- 6 |  7- 9 || total
-------------------------+-------+-------+-------++-------
Melee: Hand axe          |   153 |   399 |   172 ||   724
       Dire flail        |       |       |    17 ||    17
Invok: Depart the Abyss  |     1 |       |       ||     1
       Banish            |       |       |     2 ||     2
  Use: Scroll            |       |     4 |    10 ||    14
       Potion            |       |     6 |     2 ||     8
  Eat: Chunk             |     4 |     7 |     7 ||    18
       Bread ration      |       |     1 |       ||     1
